 Dungeon Crawl Stone Soup version 0.27-a0-1188-g73eefd5def (webtiles) character file.

Game seed: 18371655477048134166

64079 Delamore the Blocker (level 15, -1/92 HPs)
             Began as a Gargoyle Fighter on May 21, 2021.
             Was the Champion of Qazlal.
             Slain by a phantasmal warrior (17 damage)
             ... led by a death knight
             ... on level 11 of the Dungeon.
             The game lasted 00:30:51 (26298 turns).

Delamore the Blocker (Gargoyle Fighter)            Turns: 26298, Time: 00:30:52

Health: -1/92      AC: 27    Str: 31    XL:     15   Next: 11%
Magic:  22/22      EV:  9    Int:  9    God:    Qazlal [******]
Gold:   1067       SH: 23    Dex: 12    Spells: 14/14 levels left

rFire    . . .     SeeInvis +   M - +1 whip (freeze)
rCold    + + .     Faith    .   c - +1 kite shield
rNeg     + . .     Spirit   .   i - +0 chain mail of Cheibriados's Hatred {Int-4 Dex+3 Slay+3 Stlth+}
rPois    ∞         Reflect  .   e - +0 helmet
rElec    +         Harm     .   (no cloak)
rCorr    .         Rampage  .   z - +2 pair of gloves
Will     +....                  (no boots)
Stlth    ..........             v - amulet of Suspected Treachery {RegenMP Will+ Int+3 SInv}
HPRegen  0.25/turn              t - ring of protection from cold
MPRegen  0.43/turn              R - +6 ring of strength

@: weak-willed, protected from cold, flying, repel missiles
A: sickness immunity, AC +11, big wings, negative energy resistance 1,
electricity resistance, torment resistance 1, petrification resistance, subdued
magic 1
a: Renounce Religion, Upheaval, Elemental Force, Disaster Area


You were on level 11 of the Dungeon.
You worshipped Qazlal.
Qazlal was exalted by your worship.
You visited 3 branches of the dungeon, and saw 18 of its levels.
You also visited: Gauntlet and Ice Cave.

You collected 1248 gold pieces.
You spent 181 gold pieces at shops.

Inventory:

Hand Weapons
 D - a +1 whip of venom
 M - a +1 whip of freezing (weapon)
Missiles
 n - a throwing net (quivered)
 q - 44 poisoned darts
 A - 4 boomerangs of dispersal
Armour
 c - a +1 kite shield (worn)
 e - a +0 helmet (worn)
 i - the +0 chain mail of Cheibriados's Hatred (worn) {Int-4 Dex+3 Slay+3 Stlth+}
   (You found it on level 4 of the Lair of Beasts)

   It affects your intelligence (-4).
   It affects your dexterity (+3).
   It affects your accuracy and damage with ranged weapons and melee attacks
   (+3).
   It makes you more stealthy.
 p - a +2 tower shield of protection
 z - a +2 pair of gloves (worn)
Jewellery
 a - a ring of positive energy
 k - a +6 ring of intelligence
 t - a ring of protection from cold (left hand)
 v - the amulet of Suspected Treachery (around neck) {RegenMP Will+ Int+3 SInv}
   (You acquired it on level 3 of the Lair of Beasts)

   [amulet of magic regeneration]

   It increases your rate of magic regeneration.
   It affects your intelligence (+3).
   It lets you see invisible.
   It increases your willpower.
 B - a ring of willpower
 H - a ring of see invisible
 J - a ring of wizardry
 R - a +6 ring of strength (right hand)
 V - a ring of fire
Wands
 g - a wand of digging (7)
 s - a wand of polymorph (7)
 w - a wand of acid (13)
 N - a wand of flame (37)
Scrolls
 l - 8 scrolls of teleportation
 m - a scroll of magic mapping
 u - a scroll of blinking
 y - 4 scrolls of noise
 E - 2 scrolls of summoning {unknown}
 F - 5 scrolls of amnesia
 G - 2 scrolls of enchant weapon
 I - a scroll of enchant armour
 O - a scroll of fear {unknown}
 W - a scroll of holy word {unknown}
 X - a scroll of immolation {unknown}
 Y - 2 scrolls of identify
Potions
 b - 2 potions of magic
 d - 4 potions of might
 f - 4 potions of haste
 h - a potion of berserk rage
 j - a potion of resistance {unknown}
 o - a potion of heal wounds
 r - 14 potions of curing
 x - 3 potions of invisibility
 C - a potion of mutation {unknown}
 L - 2 potions of ambrosia {unknown}
 T - 2 potions of flight {unknown}
Miscellaneous
 S - a tin of tremorstones (2/2)


   Skills:
 - Level 10.0 Fighting
 - Level 14.0 Maces & Flails
 - Level 10.0 Throwing
 - Level 10.0 Armour
 - Level 14.0 Shields
 + Level 9.7 Invocations


You had 14 spell levels left.
You didn't know any spells.
Your spell library contained the following spells:

 Spells                   Type           Power      Damage    Failure   Level
 Corona                   Hex            0%         N/A       83%         1
 Freeze                   Ice            0%         1d3       83%         1
 Magic Dart               Conj           0%         1d3       83%         1
 Ensorcelled Hibernation  Hex/Ice        0%         N/A       93%         2
 Searing Ray              Conj           0%         3d3       93%         2
 Confusing Touch          Hex            0%         N/A       99%         3
 Dazzling Flash           Conj/Hex       0%         N/A       99%         3
 Frozen Ramparts          Ice            0%         1d2       99%         3
 Ignite Poison            Fire/Tmut/Pois 0%         N/A       99%         3
 Ozocubu's Armour         Ice            0%         N/A       99%         3
 Tukima's Dance           Hex            0%         N/A       99%         3
 Fulminant Prism          Conj/Hex       0%         3d6       100%        4
 Hailstorm                Conj/Ice       0%         3d3       100%        4
 Iskenderun's Mystic Bla  Conj/Tloc      0%         2d3       100%        4
 Leda's Liquefaction      Hex/Erth       0%         N/A       100%        4
 Petrify                  Tmut/Erth      0%         N/A       100%        4
 Alistair's Intoxication  Tmut/Pois      0%         N/A       100%        5
 Fireball                 Conj/Fire      0%         3d3       100%        5
 Irradiate                Conj/Tmut      0%         3d14      100%        5
 Metabolic Englaciation   Hex/Ice        0%         N/A       100%        5
 Eringya's Noxious Bog    Tmut/Pois      0%         N/A       100%        6
 Sublimation of Blood     Necr           Unusable   N/A       N/A         2

Dungeon Overview and Level Annotations

Branches:
Dungeon (11/15)            Temple (1/1) D:4            Lair (6/6) D:10
  Swamp (0/4) Lair:4        Snake (0/4) Lair:4        Slime (0/5) Lair:5
  IceCv (visited)         Gauntlet (visited)
    Orc: D:9-12

Altars:
Ashenzari
Cheibriados
Dithmenos
Elyvilon
Fedhas
Gozag
Hepliaklqana
Kikubaaqudgha
Makhleb
Nemelex Xobeh
Okawaru
Qazlal
Ru
Sif Muna
Trog
Uskayaw
Vehumet
Wu Jian
Xom
Yredelemnul
Zin
The Shining One
Jiyva

Shops:
D:3 *   D:6 *

Annotations:
Lair:5 exclusion: oklob plant


Innate Abilities, Weirdness & Mutations

You are immune to sickness and miasma.
Your stone body is resilient. (AC +11)
You are immune to poison.
Your large and strong wings let you fly.
You resist negative energy. (rN+)
You are resistant to electric shocks. (rElec)
You are resistant to unholy torment.
You are immune to petrification.
Your spells are a little easier to cast, but a little less powerful.


Message History

The death knight is almost dead.
You whack the death knight! You freeze the death knight.
You kill the death knight!
Qazlal accepts your kill.
The phantasmal warrior blinks!
The phantasmal warrior blinks! x2
Things that are here:
a +0 broad axe; a +0 chain mail The phantasmal warrior blinks!
You hit the freezing wraith.
The freezing wraith is heavily damaged.
You block the freezing wraith's attack. x2
You hit the freezing wraith.
The freezing wraith is severely damaged.
The phantasmal warrior hits you!!
You hit the freezing wraith.
The freezing wraith is severely damaged.
The freezing wraith hits you. The freezing wraith freezes you! You resist.
Your resistance to physical damage fades away.
You feel protected from cold. You block the freezing wraith's attack.
You hit the freezing wraith.
The freezing wraith is severely damaged.
The phantasmal warrior hits you.
You whack the freezing wraith!
The freezing wraith is almost destroyed.
The freezing wraith completely misses you.
You block the freezing wraith's attack.
You whack the freezing wraith!
You destroy the freezing wraith!
Qazlal accepts your kill. The phantasmal warrior hits you!
* * * LOW HITPOINT WARNING * * *
You hit the phantasmal warrior. You freeze the phantasmal warrior.
The phantasmal warrior is lightly damaged.
You closely miss the phantasmal warrior.
The phantasmal warrior is lightly damaged.
You block the phantasmal warrior's attack.
The phantasmal warrior hits you!
You die...

###....... # ######
###......... #### ##.#..###
#.....W.....
...###.......## ...........
....###.......# .........
##..###.......# ......
.#...##.......#########..#
.##..##).......W@W...†..(#
.##...#.......##########..#
###...........# #..#
##.!........<## #..#
#...##.......# ...#
...####......# ...# .###
#.....## ... ## #...### ..(
# #..##


You could see 2 phantasmal warriors.

Vanquished Creatures
  A minotaur (Gauntlet)
  Josephine (Lair:6)
  5 hydras
  A boulder beetle (Lair:3)
  2 catoblepae
  A two-headed ogre (D:10)
  A death knight (D:11)
  Erica (Lair:2)
  4 death yaks (Lair:6)
  2 thrashing horrors (Gauntlet)
  Sonja (Lair:2)
  2 lindwurms
  2 necromancers
  Pikel (D:7)
  A deep elf pyromancer (D:11)
  3 ice statues (IceCv)
  A moth of wrath (Gauntlet)
  Joseph (D:9)
  8 black mambas
  8 elephants
  15 cane toads
  7 komodo dragons
  3 kobold demonologists
  A freezing wraith (D:11)
  8 ice devils
  5 polar bears
  A tyrant leech (Gauntlet)
  6 hornets (Lair:6)
  25 blink frogs
  14 spriggans (Lair:6)
  7 wraiths
  A shadow (D:9)
  2 large abominations (Gauntlet)
  5 wyverns
  65 yaks
  3 basilisks
  3 steam dragons
  3 nagas (Lair:4)
  2 wargs (D:9)
  7 swamp worms
  9 water moccasins
  3 ice beasts
  2 sky beasts
  7 black bears
  4 orc warriors
  25 wolves
  4 boggarts (Lair:6)
  3 centaurs
  3 kobold brigands
  4 bullfrogs
  A gnoll sergeant (D:9)
  A scorpion (D:6)
  A wyvern zombie (D:5)
  8 small abominations (Gauntlet)
  A water moccasin skeleton (D:5)
  3 wights (D:7)
  2 electric eels
  A bullfrog zombie (D:5)
  3 lava snakes (D:10)
  6 centaur zombies
  2 hounds (D:5)
  4 orc priests
  6 iguanas
  11 orc wizards
  4 polar bear simulacra (Lair:3)
  2 troll simulacra (IceCv)
  2 yak simulacra (Lair:3)
  A spriggan simulacrum (IceCv)
  4 wolf simulacra (Lair:3)
  2 centaur simulacra (IceCv)
  2 hound skeletons (D:4)
  3 howler monkey zombies
  10 gnolls
  13 adders
  4 ogre simulacra (IceCv)
  A naga simulacrum (IceCv)
  A white imp (D:5)
  An ufetubus (D:7)
  2 worms
  2 dart slugs
  35 orcs
  12 ball pythons
  2 bats (D:1)
  8 endoplasms
  7 giant cockroaches
  12 goblins
  9 hobgoblins
  7 jackals
  3 quokkas
  7 frilled lizards
  13 kobolds
  4 rats
  A river rat simulacrum (Lair:3)
518 creatures vanquished.

Vanquished Creatures (others)
  31 fungi
  34 plants
65 creatures vanquished.

Grand Total: 583 creatures vanquished

Notes
Turn   | Place    | Note
-------+----------+-------------------------------------------
     0 | D:1      | Delamore the Gargoyle Fighter began the quest for the Orb.
     0 | D:1      | Reached XP level 1. HP: 14/14 MP: 1/1
   269 | D:1      | Reached XP level 2. HP: 16/19 MP: 2/2
  1058 | D:1      | Reached XP level 3. HP: 24/24 MP: 3/3
  1137 | D:2      | Found a faded altar of an unknown god.
  2217 | D:3      | Reached XP level 4. HP: 14/29 MP: 4/4
  2715 | D:3      | Found Riasm's Assorted Antiques.
  2723 | D:3      | Bought a scroll labelled DYODGH FURAUQUA for 27 gold pieces
  2723 | D:3      | Bought a puce potion for 24 gold pieces
  3007 | D:3      | Noticed a centaur
  3125 | D:3      | Killed a centaur
  3126 | D:3      | Reached XP level 5. HP: 19/34 MP: 5/5
  3320 | D:3      | Found a faded altar of an unknown god.
  3320 | D:3      | Found a snail-covered altar of Cheibriados.
  3328 | D:3      | Found an ancient bone altar of Kikubaaqudgha.
  3330 | D:3      | Found an opulent altar of Gozag.
  3332 | D:3      | Found a faded altar of an unknown god.
  3568 | D:4      | Noticed a black bear
  3679 | D:4      | Killed a black bear
  3680 | D:4      | Reached skill level 5 in Fighting
  3680 | D:4      | Reached skill level 5 in Shields
  3680 | D:4      | Reached XP level 6. HP: 30/40 MP: 6/6
  3774 | D:4      | Found a staircase to the Ecumenical Temple.
  4053 | Temple   | Entered the Ecumenical Temple
  4724 | D:4      | Found a basalt altar of Yredelemnul.
  4899 | D:4      | Reached XP level 7. HP: 41/44 MP: 7/7
  5111 | D:5      | Entered Level 5 of the Dungeon
  5259 | D:5      | Found a stormy altar of Qazlal.
  5301 | D:5      | Became a worshipper of Qazlal Stormbringer
  5340 | D:5      | Reached skill level 5 in Maces & Flails
  6133 | D:5      | Found a burning altar of Makhleb.
  6390 | D:5      | Reached XP level 8. HP: 24/49 MP: 8/8
  6576 | D:5      | Found a shadowy altar of Dithmenos.
  7439 | D:6      | Found Iniucleq's Serpentskin Sales.
  7528 | D:6      | Bought a +1 whip of venom for 130 gold pieces
  7534 | D:6      | Reached * piety under Qazlal
  7705 | D:7      | Found a blossoming altar of Fedhas.
  7706 | D:7      | Found an iron altar of Okawaru.
  7755 | D:7      | Reached XP level 9. HP: 39/54 MP: 9/9
  7854 | D:7      | Found a bloodstained altar of Trog.
  8229 | D:7      | Noticed Pikel
  8245 | D:7      | Killed Pikel
  8782 | D:8      | Identified the +1 chain mail "Fock" {Contam rPois Str+5}
  8877 | D:8      | Reached skill level 10 in Shields
  9298 | D:8      | Reached XP level 10. HP: 47/59 MP: 10/10
  9631 | D:9      | Identified a scroll of acquirement
  9632 | D:9      | Acquired a +2 tower shield of protection
  9649 | D:9      | Reached ** piety under Qazlal
  9661 | D:9      | Reached skill level 10 in Maces & Flails
  9704 | D:9      | Noticed Joseph
  9728 | D:9      | Killed Joseph
  9737 | D:9      | Identified the +1 ring mail of Soft Rains {Fly Will+}
 10021 | D:9      | Reached skill level 1 in Invocations
 10919 | D:10     | Entered Level 10 of the Dungeon
 10991 | D:10     | Noticed a kobold demonologist
 10993 | D:10     | Noticed a kobold demonologist
 10993 | D:10     | Noticed a two-headed ogre
 11691 | D:10     | Noticed a kobold demonologist
 11822 | D:10     | Noticed an orange demon
 11960 | D:10     | Noticed a rust devil
 11981 | D:9      | Killed a kobold demonologist
 11982 | D:9      | Reached XP level 11. HP: 60/63 MP: 14/14
 12000 | D:10     | Reached skill level 5 in Invocations
 12296 | D:10     | Reached *** piety under Qazlal
 12320 | D:10     | Found a staircase to the Lair.
 12340 | D:10     | Killed a two-headed ogre
 12935 | Lair:1   | Entered Level 1 of the Lair of Beasts
 13274 | Lair:1   | Noticed a seven-headed hydra
 13279 | Lair:1   | Killed a seven-headed hydra
 13868 | Lair:1   | Reached XP level 12. HP: 68/68 MP: 15/15
 14735 | Lair:2   | Reached **** piety under Qazlal
 14912 | Lair:2   | Found a frozen archway.
 14924 | Lair:2   | Noticed Sonja
 15103 | Lair:3   | Acquired the amulet of Suspected Treachery {RegenMP Will+
                  | Int+3 SInv}
 15145 | IceCv    | Entered an ice cave
 16612 | Lair:2   | Killed Sonja
 16914 | Lair:2   | Noticed Erica
 16943 | Lair:2   | Killed Erica
 17022 | Lair:2   | Reached XP level 13. HP: 78/80 MP: 16/16
 17713 | Lair:3   | Reached skill level 10 in Fighting
 17864 | Lair:3   | Reached skill level 5 in Armour
 19047 | Lair:4   | Found a staircase to the Swamp.
 19187 | Lair:4   | Reached ***** piety under Qazlal
 19188 | Lair:4   | Reached skill level 1 in Throwing
 19739 | Lair:4   | Found a staircase to the Snake Pit.
 20028 | Lair:4   | Reached skill level 10 in Armour
 20287 | Lair:4   | Identified the +0 chain mail of Cheibriados's Hatred {Int-4
                  | Dex+3 Slay+3 Stlth+}
 20552 | Lair:4   | Gained mutation: Your spells are a little easier to cast,
                  | but a little less powerful. [mutagenic glow]
 20976 | Lair:5   | Reached skill level 5 in Throwing
 20996 | Lair:5   | Gained mutation: Your large and strong wings let you fly.
                  | [Gargoyle growth]
 20996 | Lair:5   | Reached XP level 14. HP: 65/88 MP: 17/17
 21707 | Lair:5   | Found a staircase to the Slime Pits.
 21707 | Lair:5   | Found a viscous altar of Jiyva.
 22275 | Lair:6   | Entered Level 6 of the Lair of Beasts
 22688 | Lair:6   | Found a gate leading to a gauntlet.
 22691 | Gauntlet | Entered a Gauntlet
 22691 | Gauntlet | Found a transporter.
 22825 | Gauntlet | Found a transporter.
 22828 | Gauntlet | Found a transporter.
 22829 | Gauntlet | Found a transporter.
 22840 | Gauntlet | Found a transporter.
 22840 | Gauntlet | Found a transporter.
 22841 | Gauntlet | Found a transporter.
 22852 | Gauntlet | Found a transporter.
 22853 | Gauntlet | Found a transporter.
 22857 | Gauntlet | Found a transporter.
 22861 | Gauntlet | Found a transporter.
 22864 | Gauntlet | Found a transporter.
 22865 | Gauntlet | Found a transporter.
 22878 | Gauntlet | Found a transporter.
 23594 | Gauntlet | Identified the amulet of Compulsion {Faith -Tele rPois rN+}
 24087 | Gauntlet | Identified the Grimoire of Confrontation and Earth
 24944 | Lair:6   | Reached skill level 10 in Throwing
 25111 | Lair:6   | Reached ****** piety under Qazlal
 25624 | Lair:6   | Noticed Josephine
 25643 | Lair:6   | Killed Josephine
 25644 | Lair:6   | Reached XP level 15. HP: 92/92 MP: 21/21
 26114 | D:11     | Found a sacrificial altar of Ru.
 26298 | D:11     | Slain by a phantasmal warrior

Illustrated notes

Levels and vault maps discovered:
D:1:      wheals_arrival_shading, layout_basic
D:2:      layout_basic, shapermc_ecumenical_altar_notcrosses, minmay_hedge_maze,
          kennysheep_small_spiral, minmay_distorted
D:3:      layout_loops_cross, chequers_temple_overflow_minitemple, serial_shops,
          shop, serial_bayou_pond_b, minmay_pentomino_pile
D:4:      layout_basic, nicolae_overflow_hidden_temple,
          minmay_temple_entry_junction, minmay_checkerbox
D:5:      layout_loops_ring, kennysheep_little_box, lightli_temple_of_fire,
          amcnicky_altar_gilded, kennysheep_generic_room_16
D:6:      layout_rooms, guppyfry_shop_venom
D:7:      layout_loops_corners, chequers_temple_overflow_statue_of_worship,
          corexii_corridor_pit, uniq_pikel
D:8:      layout_rooms, minivault_1
D:9:      layout_irregular_city, serial_column_ruins, column_ruins_grid_5,
          column_ruins_open_medium, column_ruins_open_large,
          column_ruins_open_small, column_ruins_open_tiny, column_ruins_grid_2,
          column_ruins_grid_1, billiards_dpeg, uniq_joseph
D:10:     layout_long_grid, erik_lair_orcish_takeover, grunt_decor_junction,
          kennysheep_generic_room_8
D:11:     layout_cave_pods, nicolae_ru_great_annihilating_truth
Temple:   nicolae_temple_hex_pool
Lair:1:   layout_misc_corridors, serial_bayou_crossing, grunt_megastairs_5,
          infiniplex_staircase_pool_2
Lair:2:   layout_chaotic_city, portal_ice_cave_demonic_guard,
          serial_bayou_shore_a, uniq_erica, uniq_sonja
Lair:3:   layout_gridlike, nicolae_quartered_pool_super, eino_house_with_fridge,
          grunt_megastairs_4
Lair:4:   layout_long_grid, nicolae_swamp_entry_splash_gauntlet,
          guppyfry_snake_entry_island, beast_lair_carwin_3
Lair:5:   layout_small_grid, slime_altar_1
Lair:6:   minmay_lair_end_enchanted_forest, layout_cave_pods,
          gauntlet_entry_generic, chequers_serial_rivers_micro_a,
          grunt_megastairs_3, uniq_josephine

Skill      XL: |  1  2  3  4  5  6  7  8  9 10 11 12 13 14 15 |
---------------+----------------------------------------------+-----
Shields        | 4 5 7 8 10 12 13 14 | 14.0
Fighting       | 4 5 9 10 | 10.0
Maces & Flails | 3 4 6 7 9 11 12 14 | 14.0
Invocations    | 4 5 8 9 |  9.7
Armour         | 10 | 10.0
Throwing       | 5 10 | 10.0

Action                   |  1- 3 |  4- 6 |  7- 9 | 10-12 | 13-15 || total
-------------------------+-------+-------+-------+-------+-------++-------
Melee: Flail             |   152 |   194 |   257 |       |       ||   603
       Whip              |       |       |   158 |  1282 |  1474 ||  2914
Throw: Dart              |       |       |     4 |    25 |    27 ||    56
       Throwing net      |       |       |     1 |       |       ||     1
       Javelin           |       |       |       |       |    14 ||    14
Evoke: Wand              |       |       |       |     6 |       ||     6
  Use: Scroll            |       |     2 |       |    15 |     7 ||    24
       Potion            |       |       |       |       |     4 ||     4
 Stab: Paralysed         |       |       |       |       |     1 ||     1
Armor: Scale mail        |   135 |    97 |    97 |       |       ||   329
       Chain mail        |       |       |    20 |   262 |   324 ||   606
Dodge: Dodged            |    69 |    58 |   158 |   151 |   187 ||   623
       Repelled          |       |       |       |     4 |     2 ||     6
Block: Kite shield       |    89 |   113 |   242 |   770 |  1019 ||  2233

Table legend: (Time is in decaauts)
 A = Elapsed time spent in this place.
 B = Non-inter-level travel time spent in this place.
 C = Inter-level travel time spent in this place.
 D = Time resting spent in this place.
 E = Time spent auto-exploring this place.
 F = Levels seen in this place.
 G = Mean time per level.
                   A        B        C        D        E       F      G
               +--------+--------+--------+--------+--------+-----+--------+
         Total |  25241 |  24314 |    927 |   6259 |  13676 |  20 | 1262.1 |
       Dungeon |  13351 |  12807 |    544 |   2458 |   8147 |  11 | 1213.7 |
        Temple |     95 |     76 |     19 |      0 |     75 |   1 |   95.0 |
          Lair |   9192 |   8829 |    363 |   2137 |   5160 |   6 | 1532.0 |
      Ice Cave |   1297 |   1297 |      0 |    698 |    293 |   1 | 1297.0 |
      Gauntlet |   1305 |   1305 |      0 |    966 |      0 |   1 | 1305.0 |
               +--------+--------+--------+--------+--------+-----+--------+

Top non-repeatable levels by time:
     D:9: 1963 daAuts
  Lair:4: 1962 daAuts
  Lair:6: 1732 daAuts
     D:5: 1664 daAuts
  Lair:5: 1505 daAuts
     D:3: 1502 daAuts
  Lair:2: 1479 daAuts
    D:10: 1435 daAuts
     D:4: 1420 daAuts
     D:7: 1398 daAuts
Gauntlet: 1305 daAuts
   IceCv: 1297 daAuts
  Lair:3: 1264 daAuts
  Lair:1: 1249 daAuts
     D:1: 1162 daAuts
